 Dungeon Crawl Stone Soup version 0.29.0-4-gdea44cf6ec (webtiles) character file.

Game seed: 8930836501895446530

916 qw the Ruffian (level 7, -3/66 HPs)
             Began as a Troll Cinder Acolyte on Aug 31, 2022.
             Was an Elder of Ignis.
             Slain by a killer bee (5 damage)
             ... on level 5 of the Dungeon.
             The game lasted 00:01:58 (3324 turns).

qw the Ruffian (Troll Cinder Acolyte)               Turns: 3324, Time: 00:01:58

Health: -3/66      AC: 11    Str: 25    XL:     7   Next: 83%
Magic:  7/7        EV:  8    Int: 10    God:    Ignis [****..]
Gold:   241        SH:  7    Dex:  7    Spells: 8/8 levels left

rFire   + . .      SeeInvis .     - Unarmed
rCold   . . .      Faith    .   b - +0 kite shield
rNeg    . . .      Spirit   .   a - +0 robe
rPois   .          Reflect  .   (helmet restricted)
rElec   .          Harm     .   (no cloak)
rCorr   .          Rampage  .   (gloves unavailable)
Will    +....                   (boots unavailable)
Stlth   ++........              (no amulet)
HPRegen 1.01/turn               (no ring)
MPRegen 0.10/turn               (no ring)

@: lethally poisoned (-3 -> -10), about to teleport, fiery-armoured
A: large, unfitting armour, claws 3, regeneration 1, shaggy fur 1, tough skin 1,
thin skeletal structure 1, strong-willed 1
a: Renounce Religion, Fiery Armour, Foxfire Swarm, Rising Flame


You were on level 5 of the Dungeon.
You worshipped Ignis.
Ignis was greatly pleased with you.
You visited 1 branch of the dungeon, and saw 5 of its levels.

You collected 271 gold pieces.
You spent 30 gold pieces at shops.


Innate Abilities, Weirdness & Mutations

You are too large for most types of armour.
You have claws for hands.
Your natural rate of healing is unusually fast.
You are covered in fur. (AC +1)
You have tough skin. (AC +1)
You have a somewhat thin skeletal structure. (Dex +2, Stealth+)
You are strong-willed. (Will+)


   Skills:
 - Level 2.4 Fighting
 + Level 1.7 Throwing
 - Level 5.1 Shields
 - Level 7.1 Unarmed Combat
 - Level 1.0 Spellcasting
 - Level 2.1 Fire Magic


You had 8 spell levels left.
You didn't know any spells.
Your spell library contained the following spells:

 Spells                   Type           Power      Damage    Failure   Level
 Scorch                   Fire           8%         2d5       43%         2

Inventory:

Missiles
 f - 3 boomerangs
 l - 5 silver javelins (quivered)
Armour
 a - a +0 robe (worn)
 b - a +0 kite shield (worn)
Jewellery
 n - a ring of ice
Scrolls
 c - 2 scrolls of identify
 h - 3 scrolls of teleportation
Potions
 d - 2 potions of curing
 e - a potion of mutation
 g - a potion of degeneration {unknown}
 j - a potion of cancellation
 m - a potion of haste {unknown}

Dungeon Overview and Level Annotations

Branches:
Dungeon (5/15)             Temple (0/1) D:4

Altars:
Dithmenos
Kikubaaqudgha
Nemelex Xobeh

Shops:
D:2 !==[


Message History

The killer bee is burned by your cloak of flames.
You kill the killer bee!
The killer bee stings you but does no damage.
The killer bee is burned by your cloak of flames.
The killer bee is heavily wounded.
The killer bee stings you but does no damage.
The killer bee is burned by your cloak of flames.
The killer bee is heavily wounded.
A necrophage comes into view.
You miss the killer bee.
The killer bee is heavily wounded.
You feel very sick. The killer bee barely misses you.
You block the killer bee's attack. The killer bee closely misses you. x2
3322 ||| READING 4 scrolls of teleportation.
As you read the scroll of teleportation, it crumbles to dust.
You feel strangely unstable.
You feel very sick. The killer bee stings you.
You are lethally poisoned!
The killer bee poisons you!
The killer bee is burned by your cloak of flames.
The killer bee is severely wounded.
You block the killer bee's attack. x2
The killer bee stings you but does no damage.
The killer bee is burned by your cloak of flames.
The killer bee is severely wounded.
You closely miss the killer bee.
The killer bee is severely wounded.
You feel very sick. The killer bee barely misses you.
The killer bee closely misses you. You block the killer bee's attack.
The killer bee stings you but does no damage.
The killer bee is burned by your cloak of flames.
The killer bee is almost dead.
You scratch the killer bee.
The killer bee is almost dead.
You feel very sick. The killer bee stings you.
You die...

.....#
#...%..%........
.....#
#.....#.########
.....# #.....###
.....#
#.....######
...%.#
#..........#
../.##
######..##.#
....# #<......#
....# #####.y%#
....# #ny@#
....#
#.#.......#
....#
...+.......#
#####
#...#.......#
#.y.#########
#...# #... # .


You could see a necrophage and 2 killer bees.

Vanquished Creatures
  Grinder (D:3)
  A water moccasin (D:4)
  An ogre (D:5)
  A scorpion (D:5)
  A killer bee (D:5)
  2 hounds (D:5)
  A gnoll bouda (D:5)
  2 orc priests (D:3)
  An iguana (D:5)
  8 adders
  8 gnolls
  An ufetubus (D:5)
  A worm (D:2)
  3 dart slugs
  11 orcs
  7 ball pythons
  10 endoplasms
  A giant cockroach (D:1)
  5 goblins
  6 hobgoblins
  8 jackals (D:1)
  2 quokkas
  2 bats
  2 frilled lizards (D:1)
  3 kobolds
  9 rats
98 creatures vanquished.

Vanquished Creatures (others)
  3 fungi (D:1)
  3 plants (D:1)
6 creatures vanquished.

Grand Total: 104 creatures vanquished

Notes
Turn   | Place    | Note
-------+----------+-------------------------------------------
     0 | D:1      | qw the Troll Cinder Acolyte began the quest for the Orb.
     0 | D:1      | Reached XP level 1. HP: 22/22 MP: 1/1
     0 | D:1      | 0 ||| qw: Version: 0.1-a-97-g2dd2ca4
     0 | D:1      | 0 ||| qw: Game counter: 4540
     0 | D:1      | 0 ||| qw: Always use a shield: true
     0 | D:1      | 0 ||| qw: God list: Okawaru
     0 | D:1      | 0 ||| qw: Allow faded altars: false
     0 | D:1      | 0 ||| qw: Do Orc after D:15 true
     0 | D:1      | 0 ||| qw: Do second Lair branch before Depths: true
     0 | D:1      | 0 ||| qw: Lair rune preference: random
     0 | D:1      | 0 ||| qw: Plans: Normal
     0 | D:1      | 0 ||| PLANNING D:1-11
   213 | D:1      | 213 ||| Stepping ~*~*~tactically~*~*~ (hiding).
   222 | D:1      | Reached XP level 2. HP: 28/29 MP: 2/2
   266 | D:1      | 266 ||| Stepping ~*~*~tactically~*~*~ (stealth).
   269 | D:1      | 269 ||| Stepping ~*~*~tactically~*~*~ (stealth).
   286 | D:1      | Found a faded altar of an unknown god.
   294 | D:1      | Reached skill level 4 in Unarmed Combat
   323 | D:1      | 323 ||| Stepping ~*~*~tactically~*~*~ (stealth).
   328 | D:1      | 328 ||| Stepping ~*~*~tactically~*~*~ (outnumbered).
   457 | D:1      | Reached XP level 3. HP: 36/36 MP: 3/3
   690 | D:1      | 690 ||| Stepping ~*~*~tactically~*~*~ (hiding).
  1041 | D:1      | 1041 ||| READING scroll labelled SATTECKASI.
  1042 | D:1      | 1042 ||| READING scroll labelled FANGERO AQAI.
  1043 | D:1      | 1043 ||| READING scroll labelled GUDYAB LUDO.
  1144 | D:1      | 1144 ||| READING scroll labelled VOMUV TYXONIEC.
  1145 | D:1      | 1145 ||| READING 3 scrolls labelled SETSEITEFEX.
  1150 | D:1      | 1150 ||| READING scroll labelled HUENLA CINGOLEUHA.
  1151 | D:1      | 1151 ||| READING scroll labelled VUITOF VUENTE.
  1152 | D:1      | 1152 ||| DRINKING 2 fuming puce potions.
  1159 | D:2      | Reached skill level 1 in Throwing
  1168 | D:2      | 1168 ||| STAIRDANCE
  1223 | D:2      | Found Qewex's Jewellery Shoppe.
  1232 | D:2      | 1232 ||| SHOPLISTING amulet of reflection (360 gold, have
                  | 66).
  1232 | D:2      | 1232 ||| SHOPLISTING ring "Oxet" {Fly rN+} (344 gold, have
                  | 66).
  1232 | D:2      | 1232 ||| SHOPLISTING ring of positive energy (240 gold,
                  | have 66).
  1232 | D:2      | 1232 ||| SHOPLISTING ring of resist corrosion (240 gold,
                  | have 66).
  1232 | D:2      | 1232 ||| SHOPLISTING ring of see invisible (180 gold, have
                  | 66).
  1232 | D:2      | 1232 ||| SHOPLISTING ring of willpower (300 gold, have 66).
  1266 | D:2      | Found Kittual's Distillery.
  1275 | D:2      | 1275 ||| BUYING potion of curing (30 gold).
  1275 | D:2      | Bought a potion of curing for 30 gold pieces
  1275 | D:2      | 1275 ||| SHOPLISTING potion of mutation (80 gold, have 45).
  1275 | D:2      | 1275 ||| SHOPLISTING potion of resistance (100 gold, have
                  | 45).
  1288 | D:2      | 1288 ||| Stepping ~*~*~tactically~*~*~ (hiding).
  1291 | D:2      | 1291 ||| Stepping ~*~*~tactically~*~*~ (stealth).
  1294 | D:2      | Reached XP level 4. HP: 44/44 MP: 4/4
  1304 | D:2      | Reached skill level 5 in Unarmed Combat
  1319 | D:2      | 1319 ||| Stepping ~*~*~tactically~*~*~ (hiding).
  1352 | D:2      | Found Dorynoog's Jewellery Emporium.
  1361 | D:2      | 1361 ||| SHOPLISTING +4 ring of protection (396 gold, have
                  | 45).
  1361 | D:2      | 1361 ||| SHOPLISTING +6 ring of strength (396 gold, have
                  | 45).
  1361 | D:2      | 1361 ||| SHOPLISTING amulet of guardian spirit (330 gold,
                  | have 45).
  1361 | D:2      | 1361 ||| SHOPLISTING amulet of regeneration (330 gold, have
                  | 45).
  1361 | D:2      | 1361 ||| SHOPLISTING ring of protection from cold (275
                  | gold, have 45).
  1361 | D:2      | 1361 ||| SHOPLISTING ring of resist corrosion (220 gold,
                  | have 45).
  1361 | D:2      | 1361 ||| SHOPLISTING ring of willpower (275 gold, have 45).
  1420 | D:2      | Identified the +4 leather armour of the Abyss {+Blink rN+
                  | Int-5}
  1495 | D:2      | Found Vieroot's Antique Armour Emporium.
  1501 | D:2      | 1501 ||| SHOPLISTING glowing scarf (176 gold, have 62).
  1528 | D:2      | Reached XP level 5. HP: 42/50 MP: 5/5
  1608 | D:2      | 1608 ||| Stepping ~*~*~tactically~*~*~ (stealth).
  1617 | D:2      | 1617 ||| FLEEEEING.
  1618 | D:2      | 1618 ||| FLEEEEING.
  1619 | D:2      | 1619 ||| FLEEEEING.
  1620 | D:2      | 1620 ||| FLEEEEING.
  1621 | D:2      | 1621 ||| FLEEEEING.
  1622 | D:2      | 1622 ||| FLEEEEING.
  1623 | D:2      | 1623 ||| FLEEEEING.
  1624 | D:2      | 1624 ||| FLEEEEING.
  1625 | D:2      | 1625 ||| FLEEEEING.
  1626 | D:2      | 1626 ||| FLEEEEING.
  1627 | D:2      | 1627 ||| FLEEEEING.
  1632 | D:2      | 1632 ||| Stepping ~*~*~tactically~*~*~ (outnumbered).
  1633 | D:2      | 1633 ||| Stepping ~*~*~tactically~*~*~ (outnumbered).
  1762 | D:2      | 1762 ||| UPGRADING to +0 kite shield.
  1767 | D:2      | 1767 ||| READING scroll labelled QUBEST QOGITUOLAD.
  1768 | D:2      | 1768 ||| READING scroll labelled YKHEUR ROKO.
  1853 | D:3      | 1853 ||| INVOKING Fiery Armour.
  1856 | D:3      | 1856 ||| Stepping ~*~*~tactically~*~*~ (outnumbered).
  1859 | D:3      | Reached skill level 1 in Shields
  2129 | D:3      | Noticed Grinder
  2138 | D:3      | 2138 ||| INVOKING Fiery Armour.
  2138 | D:3      | HP: 12/50 [Grinder/nerve-wracking pain (11)]
  2139 | D:3      | 2139 ||| READING 3 scrolls of teleportation.
  2210 | D:3      | 2210 ||| Stepping ~*~*~tactically~*~*~ (hiding).
  2214 | D:3      | Paralysed by Grinder for 3 turns
  2219 | D:3      | Paralysed by Grinder for 2 turns
  2223 | D:3      | Killed Grinder
  2224 | D:3      | Reached XP level 6. HP: 55/59 MP: 6/6
  2236 | D:3      | Found a sparkling altar of Nemelex Xobeh.
  2450 | D:3      | 2450 ||| READING scroll labelled OSUWKIA ROLEIF.
  2478 | D:3      | 2478 ||| DRINKING 2 fuming red potions.
  2478 | D:3      | Gained mutation: You are strong-willed. (Will+) [potion of
                  | mutation]
  2478 | D:3      | Gained mutation: You have a somewhat thin skeletal
                  | structure. (Dex +2, Stealth+) [potion of mutation]
  2479 | D:3      | 2479 ||| DRINKING 2 metallic black potions.
  2480 | D:3      | 2480 ||| READING 2 scrolls of identify.
  2480 | D:3      | 2480 ||| IDENTIFYING sapphire potion
  2481 | D:3      | 2481 ||| DROPPING potion of lignification.
  2482 | D:3      | 2482 ||| DROPPING potion of flight.
  2519 | D:4      | 2519 ||| Stepping ~*~*~tactically~*~*~ (stealth).
  2520 | D:4      | 2520 ||| Stepping ~*~*~tactically~*~*~ (stealth).
  2524 | D:4      | 2524 ||| Stepping ~*~*~tactically~*~*~ (stealth).
  2614 | D:4      | 2614 ||| Stepping ~*~*~tactically~*~*~ (stealth).
  2620 | D:4      | 2620 ||| Stepping ~*~*~tactically~*~*~ (outnumbered).
  2622 | D:4      | 2622 ||| Stepping ~*~*~tactically~*~*~ (outnumbered).
  2646 | D:4      | Found a staircase to the Ecumenical Temple.
  2681 | D:4      | Found a shadowy altar of Dithmenos.
  2687 | D:4      | Noticed a water moccasin
  2697 | D:4      | 2697 ||| INVOKING Fiery Armour.
  2698 | D:4      | Killed a water moccasin
  2699 | D:4      | Reached skill level 6 in Unarmed Combat
  2699 | D:4      | Reached XP level 7. HP: 26/66 MP: 7/7
  2797 | D:4      | Found an ancient bone altar of Kikubaaqudgha.
  3046 | D:4      | 3046 ||| DRINKING 2 cyan potions.
  3047 | D:4      | 3047 ||| DROPPING potion of invisibility.
  3055 | D:5      | Entered Level 5 of the Dungeon
  3056 | D:5      | 3056 ||| PLANNING OSSUARY
  3096 | D:5      | 3096 ||| Stepping ~*~*~tactically~*~*~ (stealth).
  3195 | D:5      | 3195 ||| Stepping ~*~*~tactically~*~*~ (stealth).
  3197 | D:5      | 3197 ||| Stepping ~*~*~tactically~*~*~ (hiding).
  3205 | D:5      | 3205 ||| Stepping ~*~*~tactically~*~*~ (outnumbered).
  3212 | D:5      | 3212 ||| Stepping ~*~*~tactically~*~*~ (outnumbered).
  3214 | D:5      | 3214 ||| Stepping ~*~*~tactically~*~*~ (outnumbered).
  3215 | D:5      | 3215 ||| Stepping ~*~*~tactically~*~*~ (outnumbered).
  3216 | D:5      | 3216 ||| Stepping ~*~*~tactically~*~*~ (outnumbered).
  3217 | D:5      | 3217 ||| Stepping ~*~*~tactically~*~*~ (outnumbered).
  3218 | D:5      | 3218 ||| Stepping ~*~*~tactically~*~*~ (outnumbered).
  3220 | D:5      | 3220 ||| Stepping ~*~*~tactically~*~*~ (outnumbered).
  3279 | D:5      | Reached skill level 7 in Unarmed Combat
  3309 | D:5      | 3309 ||| Stepping ~*~*~tactically~*~*~ (stealth).
  3311 | D:5      | 3311 ||| Stepping ~*~*~tactically~*~*~ (stealth).
  3319 | D:5      | 3319 ||| INVOKING Fiery Armour.
  3321 | D:5      | HP: 13/66 [poisoned by a killer bee]
  3322 | D:5      | 3322 ||| READING 4 scrolls of teleportation.
  3323 | D:5      | HP: 6/66 [poisoned by a killer bee]
  3324 | D:5      | HP: 2/66 [poisoned by a killer bee]
  3324 | D:5      | Slain by a killer bee

Levels and vault maps discovered:
D:1:      dpeg_cavernosity, layout_basic,
          shapermc_ecumenical_altar_mp_ritualfount, grunt_decor_clamped
D:2:      layout_basic, serial_shops, shop_statue, shop, shop, shop,
          feat_on_display
D:3:      layout_loops_ring, nemelex_dance_club_becter, chequers_arboretum,
          uniq_grinder
D:4:      layout_cave_pools, nicolae_dithmenos_shadow_blocks, kennysheep_mini,
          minmay_temple_entry_crystal_x
D:5:      layout_basic, gup_ossuary_entry_pyramid, minivault_26

Skill      XL: |  1  2  3  4  5  6  7 |
---------------+----------------------+-----
Unarmed Combat | 4 5 6 7 |  7.1
Throwing       | 1 |  1.7
Shields        | 4 5 |  5.1
Fighting       | |  2.4
Spellcasting   | |  1.0
Fire Magic     | |  2.1

Action                   |  1- 3 |  4- 6 |  7- 9 || total
-------------------------+-------+-------+-------++-------
Melee: Unarmed           |    79 |   129 |    49 ||   257
       Punch             |     1 |     1 |       ||     2
Throw: Javelin           |     7 |    46 |    10 ||    63
Invok: Fiery Armour      |       |     3 |     1 ||     4
  Use: Scroll            |     7 |     5 |     1 ||    13
       Potion            |     1 |     2 |     1 ||     4
Armor: Robe              |    11 |    38 |    16 ||    65
Dodge: Dodged            |    37 |    41 |    33 ||   111
Block: Kite shield       |       |     8 |    24 ||    32

Table legend:
 A = Non-vault XP
 B = Vault XP
 C = Vault XP percentage of total XP
 D = Non-vault monster count
 E = Vault monster count
 F = Vault count percentage of total count
                 A         B        C        D         E       F
            +---------+---------+-------+---------+---------+-------
      Total |    1020 |     289 |  22.1 |      91 |       7 |   7.1
            +---------+---------+-------+---------+---------+-------
        D:1 |      62 |       7 |  10.1 |      27 |       4 |  12.9
        D:2 |     165 |       0 |   0.0 |      26 |       0 |   0.0
        D:3 |     110 |     282 |  71.9 |      13 |       3 |  18.8
        D:4 |     173 |       0 |   0.0 |      12 |       0 |   0.0
        D:5 |     510 |       0 |   0.0 |      13 |       0 |   0.0
            +---------+---------+-------+---------+---------+-------
